 Dungeon Crawl Stone Soup version 0.30.1-11-g7821555f0a (webtiles) character file.

Game seed: 6461101236475908267

1136 lonewolfV2 the Blocker (level 8, 0/65 HPs)
             Began as a Formicid Fighter on Nov 14, 2023.
             Was an Initiate of Qazlal.
             Slain by Crazy Yiuf
             ... wielding a +4 quarterstaff of chaos
              (4 damage)
             ... on level 5 of the Dungeon on Nov 15, 2023.
             The game lasted 00:05:16 (3954 turns).

lonewolfV2 the Blocker (Formicid Fighter)           Turns: 3954, Time: 00:05:16

Health: 0/65       AC:  6    Str: 22    XL:     8   Next: 63%
Magic:  8/8        EV:  9    Int:  7    God:    Qazlal [......]
Gold:   285        SH:  7    Dex: 15    Spells: 7/7 levels left

rFire   . . .        a - +1 war axe (chaos)
rCold   . . .        c - +1 buckler
rNeg    . . .        b - +0 scale mail
rPois   .            (helmet unavailable)
rElec   .            (no cloak)
rCorr   .            (no gloves)
SInv    +            (no boots)
Will    .....        (no amulet) Stlth
                     (no ring)
HPRegen 0.30/turn    (no ring)
MPRegen 0.11/turn

%: no passive effects
@: lethally poisoned (0 -> -15)
A: permanent stasis, dig shafts and tunnels, antennae 3, four strong arms
a: Dig, Shaft Self, Renounce Religion


You were on level 5 of the Dungeon.
You worshipped Qazlal.
Qazlal was noncommittal.
You visited 1 branch of the dungeon, and saw 5 of its levels.

You collected 285 gold pieces.

Inventory:

Hand Weapons
 a - a +1 war axe of chaos (weapon)
Armour
 b - a +0 scale mail (worn)
 c - a +1 buckler (worn)
Wands
 q - a wand of mindburst (12)
Scrolls
 i - a scroll of amnesia
 m - a scroll of identify
 p - a scroll of vulnerability {unknown}
 r - a scroll of poison
Potions
 d - 2 potions of might
 e - 6 potions of curing
 f - a potion of cancellation {unknown}
 g - a potion of flight
 h - 2 potions of lignification
 j - a potion of berserk rage
 k - a potion of mutation {unknown}
 l - a potion of ambrosia {unknown}
 n - a potion of resistance {unknown}
 o - 2 potions of degeneration {unknown}


   Skills:
 + Level 6.9 Fighting
 * Level 5.1 Axes
 - Level 3.2 Armour
 - Level 9.1 Shields


You had 7 spell levels left.
You didn't know any spells.
Your spell library contained the following spells:

 Spells                   Type           Power      Damage    Failure   Level
 Ensorcelled Hibernation  Hex/Ice        0%         N/A       91%         2
 Passwall                 Tmut/Erth      0%         N/A       91%         2
 Swiftness                Air            Unusable   N/A       N/A         3

Dungeon Overview and Level Annotations

Branches:
Dungeon (5/15)
 Temple: D:4-7

Altars:
Cheibriados
Fedhas
Makhleb
Qazlal
Zin

Shops:
D:5 *

Annotations:
D:5 Crazy Yiuf


Innate Abilities, Weirdness & Mutations

You cannot be hasted, slowed, berserked, paralysed or teleported.
You can dig through walls and to a lower floor.
You have a pair of large antennae on your head. (SInv)
Your four strong arms can wield two-handed weapons with a shield.


Message History

You hit the scorpion.
The scorpion is poisoned.
The scorpion is almost dead.
You feel sick.
You kill the scorpion!
Qazlal accepts your kill.
Your Axes skill increases to level 5!
You feel sick.
You see here a scorpion corpse.
You feel sick.
You feel sick.
You feel sick.
You feel sick.
You feel sick.
You are no longer poisoned.
You see here 8 stones.
You see here a +0 shortbow.
Key pressed, stopping explore.
Found three hammers.
Found a runed translucent door.
Crazy Yiuf shouts!
You sense a monster nearby.
You see here a +0 hammer.
Could not explore, unopened runed door.
Could not explore, unopened runed door.
You open the door.
Crazy Yiuf drinks a potion.
Crazy Yiuf flickers and vanishes for a moment.
Crazy Yiuf hits you with a +4 quarterstaff of chaos!
You are electrocuted!!
There is an open translucent door here.
You hit Crazy Yiuf but do no damage.
Crazy Yiuf hits you with a +4 quarterstaff of chaos!
You are poisoned.
You hit Crazy Yiuf.
Crazy Yiuf is poisoned.
Crazy Yiuf is lightly wounded.
* * * LOW HITPOINT WARNING * * *
You feel extremely sick. You block Crazy Yiuf's attack.
Crazy Yiuf hits you with a +4 quarterstaff of chaos!
* * * LOW HITPOINT WARNING * * *
Crazy Yiuf freezes you.
You die...

##..## #.##
#... #....#
#.# #...
##...# #.#
##._ ##.##
#.# #..
##.# #.##
#.. #)##
##.## ##.
##.#
##.#######.
#.##
##.....)..
#@#
##.#######.
#)g.# ##.##
#. #...#
#.## #.
#)..# ###
## ##### #
# # # #


You could see Crazy Yiuf (invisible, very poisoned).

Vanquished Creatures
  Sigmund (D:5)
  A swamp drake (D:4)
  An ogre (D:4)
  A centaur (D:5)
  4 scorpions
  4 hounds
  An orc priest (D:5)
  2 iguanas (D:5)
  2 orc wizards
  3 adders
  3 worms
  3 dart slugs
  8 orcs
  7 bats
  10 endoplasms
  4 giant cockroaches
  12 goblins
  10 hobgoblins
  11 kobolds
  5 quokkas
  4 ball pythons
  4 frilled lizards
  13 rats
114 creatures vanquished.

Vanquished Creatures (others)
  Duvessa (D:4)
  An orc (D:4)
2 creatures vanquished.

Grand Total: 116 creatures vanquished

Notes
Turn   | Place    | Note
-------+----------+-------------------------------------------
     0 | D:1      | lonewolfV2 the Formicid Fighter began the quest for the
                  | Orb.
     0 | D:1      | Reached XP level 1. HP: 18/18 MP: 1/1
    42 | D:1      | Reached XP level 2. HP: 13/24 MP: 2/2
   301 | D:1      | Reached skill level 5 in Shields
   301 | D:1      | Reached XP level 3. HP: 30/30 MP: 3/3
   305 | D:1      | Found a faded altar of an unknown god.
   639 | D:2      | Reached XP level 4. HP: 37/37 MP: 4/4
   733 | D:2      | Identified the +0 short sword of an ice cave {flame, rPois
                  | Str+5 Dex-4}
   920 | D:2      | Reached skill level 6 in Shields
  1544 | D:3      | Reached XP level 5. HP: 42/42 MP: 5/5
  2287 | D:4      | Reached skill level 7 in Shields
  2345 | D:4      | Reached XP level 6. HP: 49/49 MP: 6/6
  2362 | D:4      | Noticed an ogre
  2379 | D:4      | Killed an ogre
  2380 | D:4      | Reached skill level 5 in Fighting
  2388 | D:4      | Noticed Duvessa
  2388 | D:4      | Noticed Dowan
  2399 | D:4      | Dowan changed into Dowan the swamp drake
  2399 | D:4      | Noticed Dowan
  2404 | D:4      | Killed Duvessa
  2405 | D:4      | Reached skill level 8 in Shields
  2405 | D:4      | Reached XP level 7. HP: 37/56 MP: 7/7
  2406 | D:4      | Killed Dowan the swamp drake
  2408 | D:4      | Reached skill level 9 in Shields
  2987 | D:5      | Entered Level 5 of the Dungeon
  3067 | D:5      | Noticed Sigmund
  3073 | D:5      | Killed Sigmund
  3074 | D:5      | Reached XP level 8. HP: 45/64 MP: 8/8
  3164 | D:5      | Found Ciqi's Gadget Gallery.
  3338 | D:5      | Found a stormy altar of Qazlal.
  3339 | D:5      | Found a blossoming altar of Fedhas.
  3339 | D:5      | Found a snail-covered altar of Cheibriados.
  3342 | D:5      | Found a burning altar of Makhleb.
  3342 | D:5      | Found a glowing silver altar of Zin.
  3349 | D:5      | Became a worshipper of Qazlal Stormbringer
  3841 | D:5      | Reached skill level 5 in Axes
  3947 | D:5      | Found a runed translucent door.
  3948 | D:5      | Noticed Crazy Yiuf
  3954 | D:5      | Slain by Crazy Yiuf

Illustrated notes

Levels and vault maps discovered:
D:1:      dpeg_arrival_morbid_curiosity, layout_rooms,
          hellmonk_ecumenical_altar_pennies_from_heaven
D:2:      layout_basic
D:3:      layout_loops_ring
D:4:      layout_loops_ring, minmay_misc_feat_diagonals, uniq_duvessa
D:5:      layout_loops_ring, grunt_temple_overflow_open, nicolae_shop_gadgets,
          uniq_sigmund, uniq_crazy_yiuf_cottage

Skill      XL: |  1  2  3  4  5  6  7  8 |
---------------+-------------------------+-----
Shields        | 5 6 7 8 9 |  9.1
Fighting       | 4 5 6 |  6.9
Axes           | 3 5 |  5.1
Armour         | |  3.2

Action                     |  1- 3 |  4- 6 |  7- 9 || total
---------------------------+-------+-------+-------++-------
  Melee: War axe           |    64 |   120 |    95 ||   279
    Use: Scroll            |     4 |     7 |     3 ||    14
         Potion            |       |     3 |       ||     3
 Armour: Scale mail        |    49 |    51 |    25 ||   125
  Dodge: Dodged            |    36 |    62 |    30 ||   128
  Block: Buckler           |    40 |    48 |    44 ||   132
